 Dungeon Sprint DCSS version 0.29-a0-870-g2c972031a6 (webtiles) character file.

Game seed: 7235069285504924743

7 manyhoops the Trooper (level 2, -2/37 HPs)
             Began as a Human Berserker on July 17, 2022.
             Was a Follower of Trog.
             Slain by a merfolk siren
             ... wielding a +1 spear of venom
              (19 damage)
             ... in the Dungeon (Sprint II: "The Violet Keep of Menkaure").
             The game lasted 00:00:13 (187 turns).

manyhoops the Trooper (Human Berserker)              Turns: 187, Time: 00:00:13

Health: -2/37      AC:  2    Str: 17    XL:     2   Next: 5%
Magic:  2/2        EV: 12    Int:  7    God:    Trog [*.....]
Gold:   243        SH:  0    Dex: 12    Spells: 1/1 levels left

rFire   . . .      SeeInvis .     - Unarmed
rCold   . . .      Faith    .   (no shield)
rNeg    . . .      Spirit   .   a - +0 animal skin
rPois   .          Reflect  .   (no helmet)
rElec   .          Harm     .   (no cloak)
rCorr   .          Rampage  .   (no gloves)
Will    .....      NoTele   +   (no boots)
Stlth   ..........              (no amulet)
HPRegen 0.12/turn               (no ring)
MPRegen 0.08/turn               (no ring)

@: berserking, lethally poisoned (-2 -> -25), very quick
A: no striking features
a: Renounce Religion, Berserk


You were in the Dungeon.
You worshipped Trog.
Trog was aware of your devotion.
You visited 1 branch You collected 243 gold pieces.

Inventory:

Armour
 a - a +0 animal skin (worn)
Scrolls
 g - a scroll of blinking
Potions
 b - a potion of curing
 c - a potion of heal wounds
 d - a potion of haste
 e - 2 potions of magic
 f - a potion of berserk rage


   Skills:
 + Level 4.0 Fighting
 - Level 2.0 Armour
 - Level 2.0 Dodging
 + Level 4.0 Unarmed Combat


You had one spell level left.
You didn't know any spells.
Your spell library was empty.

Dungeon Overview and Level Annotations

Branches:
Dungeon (1/1)

Altars:


Message History

The worm is severely wounded.
The worm bites you!
Ouch! That really hurt!
You hit the worm.
The worm is almost dead.
You punch the worm!
You kill the worm!
Trog accepts your kill.
Your Fighting skill increases to level 4!
Your Unarmed Combat skill increases to level 4!
You have reached level 2!
You start resting.
HP restored.
There is an open door here.
Things that are here:
a worm corpse; a worm corpse You now have 243 gold pieces.
There is an open door here.
Things that are here:
a worm corpse; a worm corpse You open the door.
A merfolk siren comes into view. It is wielding a +1 spear of venom.
The merfolk siren chants a haunting song.
You are mesmerised by the merfolk siren!
You are too mesmerised to rage.
You close the door.
You are no longer entranced.
A red film seems to cover your vision as you go berserk!
You feel yourself moving faster!
You feel mighty!
A merfolk siren opens the door.
You feel a strong urge to attack something.
The merfolk siren hits you with a +1 spear of venom!
You are lethally poisoned!
There is an open door here.
You punch the merfolk siren!
The merfolk siren is moderately wounded.
You feel very sick.
The merfolk siren hits you with a +1 spear of venom!!
Ouch! That really hurt!
You die...

##+ ##.#
#..##
####..#
##.###†#
#...##.##
#m@.<.+
#...##.##
##.# #+#
##


You could see a merfolk siren.

Vanquished Creatures
  2 worms (D)
2 creatures vanquished.

Notes
Turn   | Place    | Note
-------+----------+-------------------------------------------
     0 | D        | manyhoops the Human Berserker began the quest for the Orb.
     0 | D        | Reached XP level 1. HP: 18/18 MP: 1/1
    22 | D        | Reached XP level 2. HP: 12/25 MP: 2/2
   183 | D        | Noticed a merfolk siren
   187 | D        | Slain by a merfolk siren

Illustrated notes

Levels and vault maps discovered:
D:        the_violet_keep_of_menkaure [sprint2_stairs_cluster_1,
          sprint2_shoproom, sprint2_temple, sprint2_basic_supplies,
          sprint2_obstacle_6, sprint2_obstacle_7, sprint2_obstacle_2,
          sprint2_obstacle_5, sprint2_obstacle_4, sprint2_timed_cluster_1,
          sprint2_smallroom_cluster_1, sprint2_smallroom_final_cluster_1,
          sprint2_transparent_cluster_1, sprint2_second_timed_cluster_1,
          sprint2_sniper_area_1, sprint2_heavy_combat_area_1,
          sprint2_mutation_trap_area_1, sprint2_forest_area_1,
          sprint2_light_combat_area_1, sprint2_behind_water_1,
          sprint2_near_end_vault_1]

Skill      XL: |  1 |
---------------+----+-----
Fighting       | 4 |  4.0
Unarmed Combat | 4 |  4.0
Armour         | |  2.0
Dodging        | |  2.0

Action                   || total
-------------------------++-------
Melee: Unarmed           ||    18
Invok: Berserk           ||     1
Armor: Animal skin       ||     1
Dodge: Dodged            ||     5

Table legend: (Time is in decaauts)
 A = Elapsed time spent in this place.
 B = Non-inter-level travel time spent in this place.
 C = Inter-level travel time spent in this place.
 D = Time resting spent in this place.
 E = Time spent auto-exploring this place.
 F = Levels seen in this place.
 G = Mean time per level.
                   A        B        C        D        E       F      G
               +--------+--------+--------+--------+--------+-----+--------+
         Total |    185 |    185 |      0 |    153 |      0 |   1 |  185.0 |
       Dungeon |    185 |    185 |      0 |    153 |      0 |   1 |  185.0 |
               +--------+--------+--------+--------+--------+-----+--------+

Top non-repeatable levels by time:
       D: 185 daAuts
